 Dungeon Sprint DCSS version 0.23.1 (webtiles) character file.

Game seed: 7204476307162994588

1691 nuthulu the Unseen (level 8, 0/36 HPs)
             Began as a Spriggan Enchanter on Mar 12, 2019.
             Was a High Priest of Dithmenos.
             Slain by a vault guard
             ... wielding a +0 great mace of draining
              (11 damage)
             ... in the Dungeon (Sprint V: "Ziggurat Sprint").
             The game lasted 00:03:56 (901 turns).

nuthulu the Unseen (Spriggan Enchanter)              Turns: 901, Time: 00:03:57

Health: 0/36       AC:  2    Str:  4    XL:     8   Next: 72%
Magic:  18/19      EV: 33    Int: 21    God:    Dithmenos [*****.]
Gold:   0          SH:  0    Dex: 29    Spells: 7/21 levels left

rFire    . . .     SeeInvis +   m - +5 quick blade (flame)
rCold    . . .     Gourm    .   (shield restricted)
rNeg     . . .     Faith    .   b - +0 robe
rPois    .         Spirit   .   (helmet restricted)
rElec    .         Reflect  .   (no cloak)
rCorr    .         Harm     .   (gloves unavailable)
MR       +....     NoTele   +   (boots unavailable)
Stlth    ++++++++++             (no amulet)
HPRegen  0.12/turn              z - +6 ring of dexterity
MPRegen  0.16/turn              G - ring of Serendipity {+Inv Int+4 Dex+5}

@: marked, very slightly contaminated, wreathed by umbra, lightly drained,
invisible, very quick
A: very small, unfitting armour, see invisible, herbivore, speed 3, slow
metabolism 2
a: Shadow Step, Shadow Form, Renounce Religion


You were in the Dungeon.
You worshipped Dithmenos.
Dithmenos was extremely pleased with you.
You were not hungry.

You visited 1 branch

Inventory:

Hand Weapons
 a - a +1 dagger
 m - a +5 quick blade of flaming (weapon)
Armour
 b - a +0 robe (worn)
 E - +5 gold dragon scales
Jewellery
 y - a +6 ring of dexterity
 z - a +6 ring of dexterity (left hand)
 A - a +6 ring of intelligence
 B - a +6 ring of intelligence
 C - a +6 ring of strength
 D - a +6 ring of strength
 F - a +2 ring of intelligence
 G - the ring of Serendipity (right hand) {+Inv Int+4 Dex+5}
   (You found it in the Dungeon)

   [ring of dexterity]

   It affects your intelligence (+4).
   It affects your dexterity (+5).
   It lets you turn invisible.
Wands
 v - a wand of disintegration (7)
 w - a wand of iceblast (7)
 x - a wand of acid (7)
Scrolls
 j - 3 scrolls of blinking
 p - 4 scrolls of amnesia
 q - 7 scrolls of fog
 r - a scroll of holy word
 s - 5 scrolls of identify
 t - 5 scrolls of remove curse
 u - 2 scrolls of fear
Potions
 c - 2 potions of brilliance
 e - 10 potions of curing
 f - 10 potions of heal wounds
 g - 5 potions of haste
 h - 7 potions of magic
 i - 3 potions of berserk rage
 k - a potion of invisibility
 l - 4 potions of resistance
 n - 5 potions of agility
 o - 5 potions of might
Comestibles
 d - 7 rations


   Skills:
 + Level 10.0(9.5) Short Blades
 + Level 12.8(12.3) Dodging
 * Level 17.2(16.6) Stealth
 - Level 7.1(6.6) Spellcasting
 - Level 7.5(7.0) Hexes
 * Level 6.9(6.5) Evocations


You had 7 spell levels left.
You knew the following spells:

 Your Spells              Type           Power        Failure   Level  Hunger
a - Corona                Hex            #####..      1%          1    None
b - Ensorcelled Hibernat  Hex/Ice        ###...       3%          2    None
c - Dazzling Spray        Conj/Hex       ###...       6%          3    #......
d - Confuse               Hex            #####...     1%          3    #......
e - Tukima's Dance        Hex            #####...     1%          3    #......
f - Blink                 Tloc           N/A          14%         2    None

Your spell library contained the following spells:

 Spells                   Type           Power        Failure   Level  Hunger
 Infusion                 Chrm           #...         10%         1    None
 Magic Dart               Conj           #...         10%         1    None
 Sandblast                Erth           #.....       10%         1    None
 Passwall                 Tmut/Erth      #.......     14%         2    None
 Throw Flame              Conj/Fire      #.....       14%         2    None
 Throw Frost              Conj/Ice       #.....       14%         2    None
 Ozocubu's Armour         Chrm/Ice       #.......     28%         3    #......
 Stone Arrow              Conj/Erth      #.....       28%         3    #......
 Force Lance              Conj/Tloc      #.......     67%         4    ###....
 Iskenderun's Mystic Bla  Conj           #.......     67%         4    ###....
 Petrify                  Tmut/Erth      #.......     67%         4    ###....
 Lee's Rapid Deconstruct  Erth           #.........   95%         5    #####..
 Lightning Bolt           Conj/Air       #.........   95%         5    #####..
 Deflect Missiles         Chrm/Air       #.........   100%        6    ######.
 Disjunction              Tloc           #.........   100%        8    #######


Dungeon Overview and Level Annotations

Branches:
Dungeon (1/1)

Altars:
Ashenzari
Cheibriados
Dithmenos
Elyvilon
Fedhas
Gozag
Hepliaklqana
Kikubaaqudgha
Makhleb
Nemelex Xobeh
Okawaru
Qazlal
Ru
Sif Muna
Trog
Uskayaw
Vehumet
Wu Jian
Xom
Yredelemnul
Zin
The Shining One
Beogh
Jiyva
Lugonu


Innate Abilities, Weirdness & Mutations

You are very small and have problems with some larger weapons.
You are too small for most types of armour.
You have supernaturally acute eyesight. (SInv)
You are a herbivore.
You cover ground extremely quickly.
You need to consume almost no food.


Message History

Ouch! That really hurt!
You emit a cloud of dark smoke.
You feel drained.
Unknown command.
You see here an uncursed ring of protection from magic.
The vault sentinel blows a loud note on a signal horn!
You see here a +0 dagger of venom.
You see here the Tome of Arcane Weapons and the Frostbite.
You pick up the Tome of Arcane Weapons and the Frostbite and begin reading...
You add the spells Magic Dart, Throw Frost, Throw Flame, Iskenderun's Mystic Blast, Force Lance and Lightning Bolt to your library.
The vault sentinel gestures at you while chanting.
A sentinel's mark forms upon you.
There is a transporter here.
Welcome to arena 8.
You enter the transporter and appear at another place.
A crimson imp, a quasit, a white imp, an ufetubus, an iron imp and 2 shadow imps come into view.
The shadow imp shouts, "Succumb, thou surly fob-snatching dingleberry!"
The iron imp shouts!
The crimson imp shouts!
The white imp shouts!
The shadow imp shouts!
The quasit gives a chilling moan.
The ufetubus shouts!
The vault guard hits you with a +0 great mace of draining!
You die...

▓..8©8..▓
▓..=55:...▓..))|..▓
▓..5=55...▓.......▓
▓....55...▓.......▓
▓.........▓.....÷.▓
▓.........▓.......▓
▓.........▓.......▓
▓.........▓.▓...▓.▓
▓...p@....▓...©...▓
▓▓▓▓▓▓▓▓▓▓▓▓▓▓▓▓▓▓▓
▓..8©8..▓ ▓...)§..▓
▓..ppp..▓ ▓..py§..▓
▓.§§§§§§▓ ▓.§..§..▓
▓......§▓


You could see a vault guard, an iron imp, a quasit, a crimson imp, a white imp,
2 shadow imps and an ufetubus.

Vanquished Creatures
  A spiny frog (D)
  A jumping spider (D)
  Sigmund (D)
  A yak (D)
  A tarantella (D)
  A basilisk (D)
  A porcupine (D)
  A phantom (D)
  2 necrophages (D)
  A wolf (D)
  2 scorpions (D)
  Jessica (D)
  2 adders (D)
  A river rat (D)
  An adder skeleton (D)
  A ball python (D)
  A ball python zombie (D)
20 creatures vanquished.

Vanquished Creatures (others)
  An acid blob (D)
  Agnes (D)
  2 azure jellies (D)
  Roxanne (D)
  6 death oozes (D)
  Grum (D)
  2 insubstantial wisps (D)
  Terence (D)
15 creatures vanquished.

Grand Total: 35 creatures vanquished

Notes
Turn   | Place    | Note
-------+----------+-------------------------------------------
     0 | D        | Found the +6 Majin-Bo {vamp, Archmagi MP+6 Int+6}
     0 | D        | Found the +7 great mace "Firestarter" {inner flame, rF++}
     0 | D        | nuthulu the Spriggan Enchanter began the quest for the Orb.
     0 | D        | Reached XP level 1. HP: 9/9 MP: 5/5
     0 | D        | Found a deep blue altar of Sif Muna.
     0 | D        | Found a sacrificial altar of Ru.
     0 | D        | Found a bloodstained altar of Trog.
     0 | D        | Found a stormy altar of Qazlal.
     0 | D        | Found an iron altar of Okawaru.
     0 | D        | Found a sparkling altar of Nemelex Xobeh.
     0 | D        | Found a blossoming altar of Fedhas.
     2 | D        | Found a transporter.
     2 | D        | Found an ancient bone altar of Kikubaaqudgha.
     2 | D        | Found a viscous altar of Jiyva.
     2 | D        | Found a corrupted altar of Lugonu.
     2 | D        | Found a hazy altar of Hepliaklqana.
     2 | D        | Found a burning altar of Makhleb.
     2 | D        | Found an opulent altar of Gozag.
     7 | D        | Killed Grum
    16 | D        | Reached skill level 5 in Dodging
    16 | D        | Reached skill level 6 in Stealth
    16 | D        | Reached skill level 5 in Hexes
    16 | D        | Reached XP level 2. HP: 13/13 MP: 5/8
    20 | D        | Learned a level 2 spell: Ensorcelled Hibernation
    36 | D        | Found the +9 heavy crossbow "Sniper" {velocity, Acc+∞ SInv}
    36 | D        | Found the +10 dark maul {crush}
    36 | D        | Found the +15 Maxwell's patent armour {-Cast -Tele rElec
                  | MR+ rCorr}
    36 | D        | Found the +18 shield of the Gong {rElec rN+ MR+ EV-5}
    36 | D        | Found the cursed +14 obsidian axe {chop, +Fly SInv *Curse}
    37 | D        | Found the +6 shillelagh "Devastator" {shatter}
    37 | D        | Found the +11 plutonium sword {*Contam Stlth-}
    37 | D        | Found the +8 lance "Wyrmbane" {slay drac, rPois rF+ rC+
                  | AC+3}
    37 | D        | Found the +9 sword of Zonguldrok {reap}
    37 | D        | Found the cursed +13 scythe of Curses {drain, *Curse}
    37 | D        | Found the +0 sword of Power
    37 | D        | Found the +7 mace of Variability {chain chaos}
    37 | D        | Found the +7 Singing Sword {slice, sonic wave}
    37 | D        | Found the +7 longbow "Piercer" {penet, EV-2}
    54 | D        | Became a worshipper of Dithmenos the Shadowed
    62 | D        | Entered arena 2.
    62 | D        | Noticed Sigmund
    62 | D        | Noticed Jessica
    62 | D        | Found a transporter.
    69 | D        | Killed Sigmund
    69 | D        | Reached skill level 5 in Short Blades
    69 | D        | Reached skill level 9 in Stealth
    69 | D        | Reached XP level 3. HP: 16/16 MP: 9/12
    69 | D        | Reached XP level 4. HP: 21/21 MP: 9/13
    69 | D        | Reached XP level 5. HP: 24/24 MP: 10/15
    70 | D        | Killed Jessica
    99 | D        | Killed Terence
   103 | D        | Learned a level 3 spell: Dazzling Spray
   107 | D        | Learned a level 3 spell: Confuse
   111 | D        | Learned a level 3 spell: Tukima's Dance
   128 | D        | Entered arena 3.
   128 | D        | Found a transporter.
   134 | D        | Reached * piety under Dithmenos
   182 | D        | Entered arena 4.
   182 | D        | Noticed a jumping spider
   182 | D        | Noticed a tarantella
   182 | D        | Found a transporter.
   183 | D        | Found the +4 dagger "Morg" {pain, MR+ Int+5}
   186 | D        | Reached ** piety under Dithmenos
   186 | D        | Reached skill level 10 in Stealth
   188 | D        | Reached skill level 11 in Stealth
   188 | D        | Reached XP level 6. HP: 28/28 MP: 17/17
   189 | D        | Killed a jumping spider
   189 | D        | Reached skill level 10 in Dodging
   189 | D        | Reached skill level 13 in Stealth
   191 | D        | Killed a tarantella
   191 | D        | Reached skill level 14 in Stealth
   191 | D        | Reached XP level 7. HP: 32/32 MP: 18/18
   272 | D        | Entered arena 5.
   272 | D        | Noticed an air elemental
   272 | D        | Noticed an air elemental
   272 | D        | Found a transporter.
   279 | D        | Entered arena 6.
   279 | D        | Found a transporter.
   285 | D        | Reached *** piety under Dithmenos
   288 | D        | Reached skill level 15 in Stealth
   317 | D        | Reached **** piety under Dithmenos
   331 | D        | Killed Roxanne
   353 | D        | Killed Agnes
   384 | D        | Got the ring of Serendipity {+Inv Int+4 Dex+5}
   398 | D        | Killed a death ooze
   427 | D        | Entered arena 7.
   427 | D        | Noticed a basilisk
   427 | D        | Noticed a spiny frog
   427 | D        | Noticed a yak
   428 | D        | Found a transporter.
   435 | D        | Killed a spiny frog
   435 | D        | Reached skill level 16 in Stealth
   435 | D        | Reached XP level 8. HP: 36/36 MP: 16/19
   445 | D        | Reached skill level 5 in Evocations
   447 | D        | Reached skill level 17 in Stealth
   450 | D        | Reached ***** piety under Dithmenos
   466 | D        | Reached skill level 10 in Short Blades
   513 | D        | Killed a death ooze
   518 | D        | Killed an azure jelly
   539 | D        | Killed a death ooze
   617 | D        | Killed an azure jelly
   728 | D        | Killed a death ooze
   777 | D        | Killed a death ooze
   784 | D        | Got the Almanac of the Lucky Traveller
   790 | D        | Learned a level 2 spell: Blink
   814 | D        | Killed an acid blob
   821 | D        | Killed a death ooze
   889 | D        | Entered arena 8.
   889 | D        | Noticed a vault sentinel
   889 | D        | Noticed an ironbrand convoker
   889 | D        | Noticed a vault guard
   889 | D        | Noticed a vault guard
   889 | D        | Noticed a hornet
   890 | D        | Found a transporter.
   899 | D        | Got the Tome of Arcane Weapons and the Frostbite
   901 | D        | Entered arena 9.
   901 | D        | Slain by a vault guard

Skill      XL: |  1  2  3  4  5  6  7  8 |
---------------+-------------------------+-----
Short Blades   | 3 5 6 8 9 10 | 10.0
Dodging        | 5 8 9 11 12 | 12.8
Stealth        | 6 9 11 14 16 17 | 17.2
Spellcasting   | 4 6 7 |  7.1
Hexes          | 5 7 |  7.5
Evocations     | 4 6 |  6.9

Action                   |  1- 3 |  4- 6 |  7- 9 || total
-------------------------+-------+-------+-------++-------
Melee: Quick blade       |     3 |    11 |    42 ||    56
 Cast: Ensorcelled Hiber |       |     2 |     7 ||     9
       Dazzling Spray    |       |       |     6 ||     6
       Corona            |       |       |     1 ||     1
       Blink             |       |       |     1 ||     1
 Abil: Evoke Invisibilit |       |       |     1 ||     1
  Use: Potion            |     3 |       |       ||     3
       Scroll            |       |       |     2 ||     2
 Stab: Invisible         |     2 |     1 |       ||     3
       Sleeping          |       |     6 |     7 ||    13
Armor: Robe              |       |       |     1 ||     1
Dodge: Dodged            |     4 |    15 |    35 ||    54
